Unix NetHack Version 5.0.0-0 post-release - last build May  4 2026 22:22:43 (774f63e81ad911689b3a0859ea89b322d5daca8d,branch:main).

Game began 2026-05-08 05:44:19, ended 2026-05-08 06:11:29.

08245982402, lawful male dwarven Caveman

                                                                         ---
                                                                        |..|
                                                                  --.----..--
                                                                 |....|.....|
                                                               ---)....G--.--
                                                               |.@...|.-------
                                                               |.r..-     -..|
                                                               --...-  ---..<|
                                                                -....  -^....|
                                                                ..e..........|
                                                                -........ ...|
                                                                |..--........|
                                                                      .......|
                                                                      --....--

08245982402 the Aborigine  St:18/03 Dx:15 Co:16 In:7 Wi:8 Ch:8  Lawful
Dlvl:4  $:23 HP:0(40) Pw:5(5) AC:10 Xp:4 T:1506 

Latest messages:
 You collapse under your load.
 Your newt corpse rots away.
 You collapse under your load.
 You collapse under your load.
 You collapse under your load.
 You collapse under your load.
 You collapse under your load.
 You collapse under your load.
 You collapse under your load.
 You collapse under your load.
 You collapse under your load.
 You collapse under your load.
 You collapse under your load.
 You collapse under your load.
 You collapse under your load.
 You collapse under your load.
 You collapse under your load.
 What do you want to drop? [$acg-suvxzABD-G or ?*] u
 You drop an orange potion.
 What do you want to drop? [$acg-svxzABD-G or ?*] v
 You drop a scroll labeled ELBIB YLOH.
 What do you want to drop? [$acg-sxzABD-G or ?*] G
 You drop a yellowish brown gem.
 What do you want to drop? [$acg-sxzABD-F or ?*] F
 You drop 5 daggers.
 You have extreme difficulty lifting b - a +2 sling.
 You can only lift some of the 5 daggers lying here.
 F - 3 daggers.
 You hear crashing rock.
 You don't have enough stamina to move.
 The rabid rat bites!
 You return to dwarven form!
 Your movements are now unencumbered.
 You begin bashing monsters with your bare hands.
 You miss the rabid rat.
 The rabid rat bites!
 You hit the rabid rat!
 The rabid rat bites!
 b - a +2 sling (weapon in right hand).
 The rabid rat bites!
 The rabid rat's bite was poisoned!
 The rabid rat bites!
 The rabid rat bites!
 The rabid rat's bite was poisoned!
 You die...
 Do you want your possessions identified? [ynq] (y) y
 Do you want to see your attributes? [ynq] (y) y
 Do you want an account of creatures vanquished? [ynaq] (y) y
 Do you want to see your conduct and achievements? [ynq] (y) y
 Do you want to see the dungeon overview? [ynq] (y) y

Inventory:
 Coins    ('$')
  $ - 23 gold pieces
 Weapons  (')')
  m - 10 blessed +1 arrows
  n - a blessed corroded +1 arrow
  h - 9 +2 arrows
  j - a +0 bow
  o - a cursed +0 crossbow
  b - a +2 sling (weapon in right hand)
  D - 6 rusty +0 darts
  i - 7 cursed +0 darts
  F - 3 +0 daggers
  l - a blessed +2 orcish dagger
  r - a +0 orcish dagger
  a - a +1 club (alternate weapon; not wielded)
 Armor    ('[')
  k - an uncursed +0 helmet
  q - an uncursed +0 orcish helm
  s - an uncursed +0 elven cloak
 Comestibles  ('%')
  x - an uncursed food ration
 Potions  ('!')
  E - an uncursed potion of blindness
  g - a blessed potion of restore ability
 Tools    ('(')
  p - an uncursed figurine of an air elemental
  B - an uncursed tallow candle
 Gems/Stones  ('*')
  z - 3 uncursed worthless pieces of green glass
  c - 10 uncursed flint stones (in quiver pouch)
  A - 7 uncursed rocks

08245982402 the Caveman's attributes:

Background:
 You were an Aborigine, a level 4 dwarven Caveman.
 You were lawful, on a mission for Anu
 who was opposed by Ishtar (neutral) and Anshar (chaotic).
 You were right-handed.
 You were in the Gnomish Mines, on level 4.
 You entered the dungeon 1506 turns ago.
 You had 87 experience points, 73 more were needed to attain level 5.

Basics:
 You had 0 out of 40 hit points.
 You had all 5 energy points (spell power).
 Your armor class was 10.
 Your wallet contained 23 zorkmids.
 Autopickup was off.

Final Characteristics:
 Your strength was 18/03 (limit:18/100).
 Your dexterity was 15 (limit:20).
 Your constitution was 16 (limit:20).
 Your intelligence was 7 (limit:16).
 Your wisdom was 8 (limit:16).
 Your charisma was 8 (limit:16).

Final Status:
 You weren't hungry.
 You were unencumbered.
 You were wielding a sling.
 You had basic skill with sling.
 You weren't wearing any armor.

Final Attributes:
 You were fervently aligned.
 You were level-drain resistant.
 You had infravision.
 You were a werejackal.
 You were harmed by silver.
 You are dead.

Miscellaneous:
 You didn't encounter any bones levels.
 Total elapsed playing time was 27 minutes and 9 seconds.

Major events:
 Turn
    1: 08245982402 the lawful dwarven Caveman entered the dungeon
  642: attained the rank of Aborigine (level 3)
 1101: entered the Gnomish Mines
 1506: killed by a rabid rat

You didn't know any spells.

Skills:
 Fighting Skills
   bare handed combat [Basic]
 Weapon Skills
   dagger             [Unskilled]
   knife              [Unskilled]
   axe                [Unskilled]
   pick-axe           [Unskilled]
   club               [Basic]
   mace               [Unskilled]
   morning star       [Unskilled]
   flail              [Unskilled]
   hammer             [Unskilled]
   quarterstaff       [Unskilled]
   polearms           [Unskilled]
   spear              [Unskilled]
   trident            [Unskilled]
   bow                [Unskilled]
   sling              [Basic]
   boomerang          [Unskilled]
   unicorn horn       [Unskilled]
 Spellcasting Skills
   attack spells      [Unskilled]
   matter spells      [Unskilled]

Voluntary challenges:
 Character rerolling was not enabled.
 You were illiterate.
 You never genocided any monsters.
 You never polymorphed an object.
 You used no wishes.
Achievements:
 You attained the rank of Aborigine.
 You entered a shop.
 You entered the Gnomish Mines.

 The Dungeons of Doom: levels 1 to 2
    Level 1:
    Level 2:
       A general store, an altar.
       Stairs down to The Gnomish Mines.
 The Gnomish Mines: levels 3 to 4
    Level 3:
    Level 4: <- You were here.
       Final resting place for
          you, killed by a rabid rat.


Vanquished creatures:
  a gnome leader
  a giant bat
  2 giant rats
  a yellow mold
  9 gnomes
  3 geckos
  3 jackals
  3 goblins
  a sewer rat
  3 grid bugs
  5 lichens
  4 newts
36 creatures vanquished.

No species were genocided or became extinct.

Game over:
                       ----------
                      /          \
                     /    REST    \
                    /      IN      \
                   /     PEACE      \
                  /                  \
                  |   08245982402    |
                  |      23 Au       |
                  |   killed by a    |
                  |    rabid rat     |
                  |                  |
                  |                  |
                  |       2026       |
                 *|     *  *  *      | *
        _________)/\\_//(\/(/\)/\//\/|_)_______

Goodbye 08245982402 the Caveman...

You died in The Gnomish Mines on dungeon level 4 with 519 points,
and 23 pieces of gold, after 1506 moves.
You were level 4 with a maximum of 40 hit points when you died.

